 Dungeon Crawl Stone Soup version 0.31.0-1-g2c135a008e (webtiles) character file.

Game seed: 10974737813178589728

310 qw the Shooter (level 6, 0/46 HPs)
             Began as a Djinni Hunter on Jan 23, 2024.
             Was an Initiate of Okawaru.
             Frozen to death by an endoplasm (3 damage)
             ... on level 4 of the Dungeon.
             The game lasted 00:00:11 (2991 turns).

qw the Shooter (Djinni Hunter)                      Turns: 2991, Time: 00:00:12

Health: 0/46       AC:  6    Str: 10    XL:     6   Next: 70%
Gold:   196        EV: 11    Int: 11    God:    Okawaru [......] SH:  0 Dex: 18

rFire   + + .        a - +0 shortbow
rCold   x . .        (shield currently unavailable)
rNeg    . . .        e - +0 ring mail
rPois   inf          (no helmet)
rElec   .            d - +0 cloak
rCorr   .            (no gloves)
SInv    .            (boots unavailable)
Will    .....        h - amulet of regeneration
Stlth   +            (no ring)
HPRegen 1.07/turn    (no ring)
MPRegen 0.00/turn

%: infuse magic (-1 HP)
@: flying
A: sickness immunity, fire resistance 2, cold vulnerability 1, float, innate
caster, HP casting, extra vitality 1
a: Renounce Religion


You were on level 4 of the Dungeon.
You worshipped Okawaru.
Okawaru was noncommittal.
You visited 2 branches of the dungeon, and saw 5 of its levels.

You collected 196 gold pieces.


Innate Abilities, Weirdness & Mutations

You are immune to sickness and miasma.
You are immune to poison.
Your flesh is very heat resistant. (rF++)
You are vulnerable to cold. (rC-)
You float through the air rather than walking.
You learn spells naturally, not from books.
Your magical power is your life essence.
You have superior vitality. (+4 MHP)


   Skills:
 + Level 3.4 Fighting
 - Level 5.3 Ranged Weapons
 - Level 1.0 Armour
 - Level 3.1 Dodging
 - Level 0.7 Stealth


You knew the following spells:

 Your Spells              Type           Power      Damage    Failure   Level
a - Freeze                Ice            0%         1d3       65%         1
b - Lesser Beckoning      Tloc           0%         N/A       80%         2
Your spell library was empty.

Inventory:

Hand Weapons
 a - a +0 shortbow (weapon)
Armour
 d - a +0 cloak (worn)
 e - a +0 ring mail (worn)
Jewellery
 h - an amulet of regeneration (around neck)
Wands
 c - a wand of flame (9)
Potions
 b - a potion of mutation {unknown}
 f - 3 potions of curing
 g - a potion of might
 i - a potion of resistance {unknown}
 k - a potion of ambrosia {unknown}

Dungeon Overview and Level Annotations

Branches:
Dungeon (4/15)             Temple (1/1) D:4

Altars:
Ashenzari
Cheibriados
Dithmenos
Elyvilon
Gozag
Hepliaklqana
Nemelex Xobeh
Okawaru
Qazlal
Ru
Trog
Xom
Zin
The Shining One


Message History

The jelly hits you but does no damage.
The endoplasm hits you but does no damage.
The jelly barely misses you.
The endoplasm hits you but does no damage.
You shoot an arrow.
The arrow hits the jelly but does no damage.
The jelly is severely wounded.
The endoplasm hits you but does no damage.
The endoplasm jiggles.
The endoplasm freezes you.
You are frozen.
You feel a terrible chill! The jelly hits you but does no damage.
You shoot an arrow.
The arrow hits the jelly but does no damage.
The jelly is severely wounded.
The endoplasm freezes you.
You are frozen.
You feel a terrible chill! The endoplasm freezes you.
You are frozen.
You feel a terrible chill! The jelly hits you but does no damage.
You shoot an arrow. The arrow hits the jelly.
You kill the jelly!
Okawaru accepts your kill. The endoplasm freezes you.
You are frozen.
The endoplasm freezes you.
You are frozen.
You shoot an arrow.
The arrow hits the endoplasm but does no damage.
The endoplasm closely misses you. The endoplasm freezes you.
You are frozen.
You feel a terrible chill! The endoplasm freezes you.
You are frozen!
You feel a terrible chill!
The endoplasm hits you but does no damage.
You shoot an arrow. The arrow hits the endoplasm!
You kill the endoplasm!
The endoplasm freezes you.
You are frozen.
You feel a terrible chill!
You die...

#######
#.....J########## ######
#%PPP..@##......###.....
#......#.#..(....##..###
#__.%%_#)#........').###
#%.%...#.#........)....#
#%__.._#.#'#....).)..#..
#......#.#.#.....##.....
#%P....#.#.#....####....
#$%....##.####### ##..#
### #.#.


You could see an endoplasm.

Vanquished Creatures
  A phantom (D:4)
  A scorpion (D:4)
  A jelly (D:4)
  A hound (D:2)
  2 adders
  A dart slug (D:1)
  A ribbon worm (D:3)
  2 orcs
  17 endoplasms
  5 giant cockroaches
  2 hobgoblins
  9 jackals
  A quokka (D:1)
  10 ball pythons
  2 bats (D:1)
  4 frilled lizards
  6 goblins
  14 kobolds
  3 rats
83 creatures vanquished.

Notes
Turn   | Place    | Note
-------+----------+-------------------------------------------
     0 | D:1      | qw the Djinni Hunter began the quest for the Orb.
     0 | D:1      | Reached XP level 1. HP: 18/18 MP: 0/0
     0 | D:1      | 0 ||| qw: Version: 0.3-a-135-gb77e89d
     0 | D:1      | 0 ||| qw: Game counter: 947
     0 | D:1      | 0 ||| qw: Melee chars always use a shield: true
     0 | D:1      | 0 ||| qw: God list: Okawaru
     0 | D:1      | 0 ||| qw: Allow faded altars: false
     0 | D:1      | 0 ||| qw: Do Orc after clearing Dungeon:15 true
     0 | D:1      | 0 ||| qw: Do second Lair branch before Depths: true
     0 | D:1      | 0 ||| qw: Lair rune preference: random
     0 | D:1      | 0 ||| qw: Goals: Normal
     0 | D:1      | 0 ||| PLANNING D:1-11
    84 | D:1      | Reached XP level 2. HP: 23/23 MP: 0/0
   282 | D:1      | Found a faded altar of an unknown god.
   420 | D:1      | Reached skill level 4 in Ranged Weapons
   420 | D:1      | Reached XP level 3. HP: 28/28 MP: 0/0
   420 | D:1      | Learned a level 1 spell: Freeze
   624 | D:1      | 624 ||| READING scroll labelled KAUMPO KASU.
   625 | D:1      | 625 ||| READING scroll labelled GUP XIMNUON.
   726 | D:1      | 726 ||| READING scroll labelled KIPTIMEDGHE.
   726 | D:1      | 726 ||| ENCHANTING +0 shortbow.
   727 | D:1      | 727 ||| READING scroll labelled NAUNKA ZELO.
   728 | D:1      | 728 ||| READING scroll labelled CYM HO ZEH.
   729 | D:1      | 729 ||| DRINKING 2 fizzy blue potions.
   730 | D:1      | 730 ||| DRINKING 2 cyan potions.
   731 | D:1      | 731 ||| DRINKING 2 coppery potions.
   732 | D:1      | 732 ||| DROPPING scroll of butterflies.
   733 | D:1      | 733 ||| DROPPING potion of lignification.
  1269 | D:2      | Reached XP level 4. HP: 34/34 MP: 0/0
  1295 | D:2      | Reached skill level 3 in Fighting
  1471 | D:2      | Reached skill level 3 in Dodging
  1745 | D:2      | 1745 ||| UPGRADING to +0 ring mail.
  1755 | D:2      | 1755 ||| DROPPING +0 leather armour.
  1756 | D:2      | 1756 ||| READING scroll labelled SAECAI EQIMEY.
  1760 | D:2      | 1760 ||| READING scroll labelled IMNAFI FOEGAO.
  2205 | D:3      | Reached XP level 5. HP: 34/40 MP: 0/0
  2205 | D:3      | Learned a level 2 spell: Lesser Beckoning
  2212 | D:3      | Reached skill level 1 in Armour
  2386 | D:3      | Identified the +10 short sword "Loalodghauxu" {venom, MP+9
                  | Str-5 Dex+3}
  2530 | D:3      | 2530 ||| UPGRADING to +0 cloak.
  2535 | D:3      | 2535 ||| UPGRADING to amulet of regeneration.
  2540 | D:3      | 2540 ||| READING scroll labelled MEULOI SET REI.
  2541 | D:3      | 2541 ||| DRINKING 2 sedimented dark potions.
  2542 | D:3      | 2542 ||| DROPPING potion of invisibility.
  2569 | D:4      | 2569 ||| STAIRDANCE
  2632 | D:4      | Found a staircase to the Ecumenical Temple.
  2633 | D:4      | 2633 ||| PLANNING TEMPLE
  2643 | Temple   | Entered the Ecumenical Temple
  2644 | Temple   | 2644 ||| PLANNING OKAWARU WORSHIP
  2651 | Temple   | Became a worshipper of Warmaster Okawaru
  2652 | Temple   | 2652 ||| PLANNING D:1-11
  2785 | D:4      | Noticed a phantom
  2808 | D:4      | Killed a phantom
  2809 | D:4      | Reached skill level 5 in Ranged Weapons
  2809 | D:4      | Reached XP level 6. HP: 38/46 MP: 0/0
  2809 | D:4      | 2809 ||| FLEEEEING.
  2810 | D:4      | 2810 ||| FLEEEEING.
  2811 | D:4      | 2811 ||| FLEEEEING.
  2977 | D:4      | Found an opulent altar of Gozag.
  2977 | D:4      | Found a broken altar of Ashenzari.
  2977 | D:4      | Found an iron altar of Okawaru.
  2977 | D:4      | Found an opulent altar of Gozag.
  2977 | D:4      | Found a sparkling altar of Nemelex Xobeh.
  2988 | D:4      | HP: 10/46 [frozen (4)]
  2990 | D:4      | HP: 1/46 [frozen (7)]
  2991 | D:4      | Frozen to death by an endoplasm

Levels and vault maps discovered:
D:1:      saegor_arrival_fortress, layout_basic, ebering_ecumenical_altar_box,
          minmay_domino_2
D:2:      layout_basic, minmay_misc_feat_enclosed, grunt_ministairs_15
D:3:      layout_basic
D:4:      cheibrodos_fertilizer, layout_loops_corners, minmay_temple_entry_grid,
          nicolae_concentric_dashed_squares_mild
Temple:   nicolae_temple_x_marks_the_god

Skill      XL: |  1  2  3  4  5 |
---------------+----------------+-----
Ranged Weapons | 4 5 |  5.3
Fighting       | 3 |  3.4
Dodging        | 3 |  3.1
Armour         | 1 |  1.0
Stealth        | |  0.7

Action                     |  1- 3 |  4- 6 || total
---------------------------+-------+-------++-------
   Fire: Shortbow          |    86 |   189 ||   275
    Use: Scroll            |     5 |     3 ||     8
         Potion            |     3 |     1 ||     4
 Armour: Leather armour    |     8 |    13 ||    21
         Ring mail         |       |    77 ||    77
  Dodge: Dodged            |    18 |   112 ||   130

Table legend:
 A = Non-vault XP
 B = Vault XP
 C = Vault XP percentage of total XP
 D = Non-vault monster count
 E = Vault monster count
 F = Vault count percentage of total count
                 A         B        C        D         E       F
            +---------+---------+-------+---------+---------+-------
      Total |     374 |      72 |  16.1 |      65 |      18 |  21.7
            +---------+---------+-------+---------+---------+-------
        D:1 |      34 |       3 |   8.1 |      19 |       2 |   9.5
        D:2 |      81 |       2 |   2.4 |      20 |       2 |   9.1
        D:3 |      38 |       0 |   0.0 |      14 |       0 |   0.0
        D:4 |     221 |      67 |  23.3 |      12 |      14 |  53.8
            +---------+---------+-------+---------+---------+-------
